 Dungeon Crawl Stone Soup version 0.24-b1 (webtiles) character file.

Game seed: 1426264751541448025, levelgen mode: deterministic

10 Gumption the Stinger (level 2, 0/19 HPs)
             Began as a Demonspawn Venom Mage on Oct 12, 2019.
             Slain by a jackal (1 damage)
             ... on level 1 of the Dungeon.
             The game lasted 00:04:32 (527 turns).

Gumption the Stinger (Demonspawn Venom Mage)         Turns: 527, Time: 00:04:33

Health: 0/19       AC:  2    Str:  8    XL:     2   Next: 10%
Magic:  1/5        EV: 12    Int: 16    God:
Gold:   3          SH:  0    Dex: 13    Spells: 4/5 levels left

rFire    . . .     SeeInvis .   f - +0 hand axe
rCold    . . .     Gourm    .   (no shield)
rNeg     . . .     Faith    .   a - +0 robe
rPois    .         Spirit   .   (no helmet)
rElec    .         Reflect  .   (no cloak)
rCorr    .         Harm     .   (no gloves)
MR       .....                  (no boots)
Stlth    ++........             (no amulet)
HPRegen  0.06/turn              (no ring)
MPRegen  0.09/turn              (no ring)

@: no status effects
A: spiny 1
a: no special abilities


You were on level 1 of the Dungeon.
You were not hungry.

You visited 1 branch of the dungeon, and saw 1 of its levels.

You collected 3 gold pieces.

Inventory:

Hand Weapons
 f - a +0 hand axe (weapon)
Missiles
 e - 26 stones (quivered)
Armour
 a - a +0 robe (worn)
Jewellery
 d - an uncursed amulet of the gourmand {unknown}
Potions
 b - a potion of haste {unknown}
Comestibles
 c - a ration


   Skills:
 - Level 1.7 Dodging
 - Level 1.7 Stealth
 + Level 2.1 Spellcasting
 * Level 1.5 Conjurations
 * Level 3.2 Poison Magic


You had 4 spell levels left.
You knew the following spells:

 Your Spells              Type           Power        Failure   Level  Hunger
a - Sting                 Conj/Pois      #...         8%          1    #......

Your spell library contained the following spells:

 Spells                   Type           Power        Failure   Level  Hunger
 Poisonous Vapours        Pois/Air       #.....       16%         2    ###....
 Mephitic Cloud           Conj/Pois/Air  #.......     32%         3    ###....
 Olgreb's Toxic Radiance  Pois           ##......     47%         4    #####..
 Venom Bolt               Conj/Pois      #.........   91%         5    ######.


Dungeon Overview and Level Annotations

Branches:
Dungeon (1/15)

Altars:


Innate Abilities, Weirdness & Mutations

You are partially covered in sharp spines.


Message History

The jackal misses you.
You hit the jackal but do no damage. The jackal bites you. x2
You barely miss the jackal. The jackal is struck by your spines.
The jackal barely misses you.
The jackal bites you but does no damage.
You barely miss the jackal.
The jackal is moderately wounded.
The jackal closely misses you.
You barely miss the jackal.
The jackal is moderately wounded.
The jackal is struck by your spines.
The jackal bites you but does no damage.
The jackal is struck by your spines. The jackal bites you.
* * * LOW HITPOINT WARNING * * *
You hit the jackal.
You kill the jackal!
You hit the jackal but do no damage. The jackal bites you.
* * * LOW HITPOINT WARNING * * *
The jackal is struck by your spines. The jackal bites you.
You die...

##.....>####### # ###..###
################### #..###..#
#e#T#m#p#g#p#o#h#N#
#......#########################
###........).'..รท...............
#..####.#######################
....# #..# #M#p#H#c#d#K#a#i#n#
.### ##.######################
#......@h.# #########.# #..# ##.#
.. ###


You could see a jackal.

Vanquished Creatures
  A leopard gecko (D:1)
  A hobgoblin (D:1)
  3 jackals (D:1)
  3 kobolds (D:1)
8 creatures vanquished.

Notes
Turn   | Place    | Note
-------+----------+-------------------------------------------
     0 | D:1      | Gumption the Demonspawn Venom Mage began the quest for the
                  | Orb.
     0 | D:1      | Reached XP level 1. HP: 13/13 MP: 3/3
     2 | D:1      | Noticed a vine stalker
     2 | D:1      | Noticed an ogre
     4 | D:1      | Noticed a gargoyle
     4 | D:1      | Noticed a vampire
     6 | D:1      | Noticed a tengu
     9 | D:1      | Noticed a demonspawn
     9 | D:1      | Noticed an octopode
    11 | D:1      | Noticed a naga
    11 | D:1      | Noticed a ghoul
    13 | D:1      | Noticed a felid
    13 | D:1      | Noticed a spriggan
    15 | D:1      | Noticed a formicid
    18 | D:1      | Noticed a human
    20 | D:1      | Noticed a dwarf
    20 | D:1      | Noticed a draconian
    22 | D:1      | Noticed a halfling
    22 | D:1      | Noticed a centaur
    24 | D:1      | Noticed a merfolk
    24 | D:1      | Noticed a minotaur
    26 | D:1      | Noticed a troll
    26 | D:1      | Noticed a demigod
    28 | D:1      | Noticed an elf
   521 | D:1      | Gained mutation: You are partially covered in sharp spines.
                  | [demonic ancestry]
   521 | D:1      | Reached XP level 2. HP: 10/19 MP: 0/5
   527 | D:1      | Slain by a jackal

Action                   || total
-------------------------++-------
Melee: Hand axe          ||    12
       Unarmed           ||     5
 Cast: Sting             ||    14
 Stab: Sleeping          ||     1
Armor: Robe              ||     3
Dodge: Dodged            ||    21
